| TOP OF THE 1ST |
|
Toronto Blue Jays batting - Pitching for Boston Red Sox : RHP Justin Whitesack
|
|
Pitching: RHP Justin Whitesack
|
|
|
Batting: RHB Donny Burnside
|
0-0: Called Strike 0-1: Ball 1-1: Ball 2-1: Foul Ball, location: 2F 2-2: Fly out, F1 (Line Drive, P, EV 74.4 MPH)
|
|
Batting: RHB C.J. Richerson
|
0-0: Foul Ball, location: 2F 0-1: Fly out, F8 (Flyball, 8RD, EV 93.8 MPH)
|
|
Batting: RHB Efrain Vargas
|
0-0: Swinging Strike 0-1: Ball 1-1: Ball 2-1: Ball 3-1: Ground out 4-3 (Groundball, 4M, EV 102.5 MPH)
|
| Top of the 1st over - 0 runs, 0 hits, 0 errors, 0 left on base; Toronto 0 - Boston 0 |
| BOTTOM OF THE 1ST |
|
Boston Red Sox batting - Pitching for Toronto Blue Jays : LHP Spencer Jones
|
|
Pitching: LHP Spencer Jones
|
|
|
Batting: RHB Alois Wollf
|
0-0: Ground out 4-3 (Groundball, 4, EV 106.2 MPH)
|
|
Batting: RHB Ray Llewellyn
|
0-0: Ball 1-0: Called Strike 1-1: Ball 2-1: Ball 3-1: Swinging Strike 3-2: Strikes out swinging
|
|
Batting: RHB David Price Jr.
|
0-0: Ball 1-0: Ball 2-0: Called Strike 2-1: DOUBLE (Flyball, 78XD, EV 100.0 MPH)
|
|
Batting: RHB Jose Diaz
|
0-0: Ball 1-0: Foul Ball, location: 2F 1-1: Ground out 6-3 (Groundball, 6, EV 83.1 MPH)
|
| Bottom of the 1st over - 0 runs, 1 hit, 0 errors, 1 left on base; Toronto 0 - Boston 0 |
| TOP OF THE 2ND |
|
Toronto Blue Jays batting - Pitching for Boston Red Sox : RHP Justin Whitesack
|
|
Batting: SHB Jason Woods
|
0-0: Called Strike 0-1: Ball 1-1: SINGLE (Groundball, 6MD, EV 93.8 MPH)
|
|
Batting: SHB Dominik Hasek II
|
0-0: Ball 1-0: Foul Ball, location: 2F 1-1: Foul Ball, location: 2F 1-2: Ball 2-2: Ball 3-2: SINGLE (Groundball, 4MD, EV 96.2 MPH) Jason Woods to second Jason Woods to third
|
|
Batting: RHB Butch Kaiser
|
0-0: Ball 1-0: Ball 2-0: Ball 3-0: Called Strike 3-1: Swinging Strike 3-2: Base on Balls Dominik Hasek II to second
|
|
Batting: LHB Nate Dean
|
0-0: Ball 1-0: Called Strike 1-1: Foul Ball, location: 2F 1-2: Ball 2-2: Foul Ball, location: 2F 2-2: Fly out, F6 (Popup, 6M, EV 61.9 MPH)
|
|
Batting: RHB Steve Jordan
|
0-0: Called Strike 0-1: Called Strike 0-2: Ball 1-2: Strikes out swinging
|
|
Batting: RHB Brock Van Gilder
|
0-0: Ball 1-0: Called Strike Balk! Jason Woods scores Dominik Hasek II to third Butch Kaiser to second 1-1: Ball 2-1: Swinging Strike 2-2: Ball 3-2: Foul Ball, location: 2F 3-2: Strikes out swinging
|
| Top of the 2nd over - 1 run, 2 hits, 0 errors, 2 left on base; Toronto 1 - Boston 0 |
| BOTTOM OF THE 2ND |
|
Boston Red Sox batting - Pitching for Toronto Blue Jays : LHP Spencer Jones
|
|
Batting: LHB Kevin McCormic Jr.
|
0-0: Ground out 4-3 (Groundball, 4, EV 100.6 MPH)
|
|
Batting: RHB Andrew Robinson
|
0-0: Ball 1-0: Called Strike 1-1: Ball 2-1: Ball 3-1: Called Strike 3-2: Strikes out looking
|
|
Batting: RHB Elijah Campbell
|
0-0: Called Strike 0-1: SINGLE (Groundball, 6S, EV 70.0 MPH) (infield hit)
|
|
Batting: RHB Nick Esteves
|
0-0: Fly out, F7 (Flyball, 7LS, EV 83.1 MPH)
|
| Bottom of the 2nd over - 0 runs, 1 hit, 0 errors, 1 left on base; Toronto 1 - Boston 0 |
| TOP OF THE 3RD |
|
Toronto Blue Jays batting - Pitching for Boston Red Sox : RHP Justin Whitesack
|
|
Batting: RHB Donny Burnside
|
0-0: Ball 1-0: Ground out 3-1 (Groundball, 34, EV 85.0 MPH)
|
|
Batting: RHB C.J. Richerson
|
0-0: Ball 1-0: Foul Ball, location: 2F 1-1: Swinging Strike 1-2: Ball 2-2: Strikes out swinging
|
|
Batting: RHB Efrain Vargas
|
0-0: Ball 1-0: Ball 2-0: Ball 3-0: Base on Balls
|
|
Batting: SHB Jason Woods
|
0-0: Ball 1-0: Ball 2-0: Called Strike 2-1: Ball 3-1: Fly out, F8 (Flyball, 8RM, EV 76.2 MPH)
|
| Top of the 3rd over - 0 runs, 0 hits, 0 errors, 1 left on base; Toronto 1 - Boston 0 |
| BOTTOM OF THE 3RD |
|
Boston Red Sox batting - Pitching for Toronto Blue Jays : LHP Spencer Jones
|
|
Batting: RHB John Chiesa
|
0-0: Ball 1-0: Ball 2-0: Foul Ball, location: 2F 2-1: DOUBLE (Popup, 34D, EV 53.8 MPH)
|
|
Batting: RHB Alois Wollf
|
0-0: Ball 1-0: Bunted foul 1-1: Ball 2-1: Bunted foul 2-2: Reached on error, E6 (Groundball, 6, EV 92.5 MPH) John Chiesa to third
|
|
Batting: RHB Ray Llewellyn
|
0-0: Called Strike 0-1: Swinging Strike 0-2: Foul Ball, location: 2F 0-2: Ball 1-2: Strikes out looking
|
|
Batting: RHB David Price Jr.
|
0-0: Ball 1-0: Called Strike 1-1: Fly out, F9 (Flyball, 89D, EV 97.5 MPH) Runner from 3rd tags up, SCORES, throw by RF
|
|
Batting: RHB Jose Diaz
|
0-0: Ground out 4-3 (Groundball, 34, EV 80.6 MPH)
|
| Bottom of the 3rd over - 1 run, 1 hit, 1 error, 1 left on base; Toronto 1 - Boston 1 |
| TOP OF THE 4TH |
|
Toronto Blue Jays batting - Pitching for Boston Red Sox : RHP Justin Whitesack
|
|
Batting: SHB Dominik Hasek II
|
0-0: Ball 1-0: Ball 2-0: Swinging Strike 2-1: Ball 3-1: Base on Balls
|
|
Batting: RHB Butch Kaiser
|
0-0: Ball 1-0: Ball 2-0: Called Strike 2-1: Foul Ball, location: 2F 2-2: Fly out, F8 (Flyball, 8LD, EV 105.0 MPH)
|
|
Batting: LHB Nate Dean
|
0-0: Swinging Strike 0-1: Ball 1-1: Ball 2-1: Swinging Strike 2-2: Foul Ball, location: 2F 2-2: Foul Ball, location: 2F 2-2: Foul Ball, location: 2F 2-2: Foul Ball, location: 2F 2-2: Ball Wild Pitch! Dominik Hasek II to second 3-2: Strikes out looking
|
|
Batting: RHB Steve Jordan
|
0-0: Ball 1-0: Foul Ball, location: 2F 1-1: Foul Ball, location: 2F 1-2: Ball 2-2: Fly out, F8 (Flyball, 8LXD, EV 101.9 MPH)
|
| Top of the 4th over - 0 runs, 0 hits, 0 errors, 1 left on base; Toronto 1 - Boston 1 |
| BOTTOM OF THE 4TH |
|
Boston Red Sox batting - Pitching for Toronto Blue Jays : LHP Spencer Jones
|
|
Batting: LHB Kevin McCormic Jr.
|
0-0: Ball 1-0: Ball 2-0: Foul Ball, location: 2F 2-1: Ground out 5-3 (Groundball, 56, EV 101.2 MPH)
|
|
Batting: RHB Andrew Robinson
|
0-0: Ball 1-0: Foul Ball, location: 2F 1-1: Ball 2-1: SINGLE (Line Drive, 7LS, EV 99.4 MPH)
|
|
Batting: RHB Elijah Campbell
|
0-0: Called Strike 0-1: Grounds into double play, 6-4-3 (Groundball, 6S, EV 84.4 MPH)
|
| Bottom of the 4th over - 0 runs, 1 hit, 0 errors, 0 left on base; Toronto 1 - Boston 1 |
| TOP OF THE 5TH |
|
Toronto Blue Jays batting - Pitching for Boston Red Sox : RHP Justin Whitesack
|
|
Batting: RHB Brock Van Gilder
|
0-0: Foul Ball, location: 2F 0-1: Foul Ball, location: 2F 0-2: Foul Ball, location: 2F 0-2: Ball 1-2: Strikes out swinging
|
|
Batting: RHB Donny Burnside
|
0-0: Ground out U3 (Groundball, 34S, EV 76.2 MPH)
|
|
Batting: RHB C.J. Richerson
|
0-0: Ball 1-0: Ball 2-0: Ball 3-0: Called Strike 3-1: Base on Balls
|
|
Batting: RHB Efrain Vargas
|
0-0: Ball Passed Ball! C.J. Richerson to second 1-0: Ball 2-0: Called Strike 2-1: Foul Ball, location: 2F 2-2: Strikes out swinging
|
| Top of the 5th over - 0 runs, 0 hits, 0 errors, 1 left on base; Toronto 1 - Boston 1 |
| BOTTOM OF THE 5TH |
|
Boston Red Sox batting - Pitching for Toronto Blue Jays : LHP Spencer Jones
|
|
Batting: RHB Nick Esteves
|
0-0: Ball 1-0: Called Strike 1-1: Fly out, F7 (Flyball, 7LSF, EV 88.1 MPH)
|
|
Batting: RHB John Chiesa
|
0-0: Ball 1-0: Foul Ball, location: 2F 1-1: SINGLE (Line Drive, 78S, EV 92.5 MPH)
|
|
Batting: RHB Alois Wollf
|
0-0: Ball 1-0: Called Strike 1-1: SINGLE (Line Drive, 9LS, EV 89.4 MPH) John Chiesa to second Runner from 2nd tries for 3rd, SAFE, throw by RF made to third
|
|
Batting: RHB Ray Llewellyn
|
0-0: Foul Ball, location: 2F 0-1: Ball 1-1: Foul Ball, location: 2F 1-2: Ball Wild Pitch! John Chiesa scores Alois Wollf to second 2-2: Ground out U3 (Groundball, 34S, EV 88.1 MPH) Alois Wollf to third
|
|
Batting: RHB David Price Jr.
|
0-0: Foul Ball, location: 2F 0-1: Swinging Strike 0-2: Strikes out looking
|
| Bottom of the 5th over - 1 run, 2 hits, 0 errors, 1 left on base; Toronto 1 - Boston 2 |
| TOP OF THE 6TH |
|
Toronto Blue Jays batting - Pitching for Boston Red Sox : RHP Justin Whitesack
|
|
Batting: SHB Jason Woods
|
0-0: Ball 1-0: Ball 2-0: Foul Ball, location: 2F 2-1: Foul Ball, location: 2F 2-2: Foul Ball, location: 2F 2-2: Ground out 4-3 (Groundball, 34D, EV 93.1 MPH)
|
|
Pitching: LHP John Hotham
|
|
|
Batting: SHB Dominik Hasek II
|
0-0: Ground out U3 (Groundball, 34S, EV 88.1 MPH)
|
|
Batting: RHB Butch Kaiser
|
0-0: Ball 1-0: Called Strike 1-1: Ball 2-1: Ball 3-1: SINGLE (Line Drive, 4D, EV 96.2 MPH)
|
|
Batting: LHB Nate Dean
|
0-0: Ball Butch Kaiser is caught stealing 2nd base 2-6
|
| Top of the 6th over - 0 runs, 1 hit, 0 errors, 0 left on base; Toronto 1 - Boston 2 |
| BOTTOM OF THE 6TH |
|
Boston Red Sox batting - Pitching for Toronto Blue Jays : LHP Spencer Jones
|
|
Batting: RHB Jose Diaz
|
0-0: Called Strike 0-1: Ground out 6-3 (Groundball, 6, EV 77.5 MPH)
|
|
Batting: LHB Kevin McCormic Jr.
|
0-0: Called Strike 0-1: Fly out, F8 (Flyball, 89D, EV 102.5 MPH)
|
|
Batting: RHB Andrew Robinson
|
0-0: Ball 1-0: Called Strike 1-1: Fly out, F8 (Flyball, 78D, EV 107.5 MPH)
|
| Bottom of the 6th over - 0 runs, 0 hits, 0 errors, 0 left on base; Toronto 1 - Boston 2 |
| TOP OF THE 7TH |
|
Toronto Blue Jays batting - Pitching for Boston Red Sox : LHP John Hotham
|
|
Batting: LHB Nate Dean
|
0-0: Called Strike 0-1: Swinging Strike 0-2: Foul Ball, location: 2F 0-2: Ball 1-2: Fly out, F6 (Flyball, 56D, EV 86.9 MPH)
|
|
Batting: RHB Steve Jordan
|
0-0: Ball 1-0: Ball 2-0: Ball 3-0: Base on Balls
|
|
Batting: RHB Brock Van Gilder
|
0-0: Ball 1-0: Fly out, F8 (Flyball, 8LS, EV 89.4 MPH)
|
|
Batting: RHB Donny Burnside
|
0-0: Ball Steve Jordan steals 2nd base 1-0: Foul Ball, location: 2F 1-1: SINGLE (Groundball, 56D, EV 97.5 MPH) Steve Jordan to third Runner from 3rd tries for Home, SAFE, throw by LF to home
|
|
Batting: RHB C.J. Richerson
|
0-0: Called Strike 0-1: Ball 1-1: Ball 2-1: Ball 3-1: Base on Balls Donny Burnside to second
|
|
Batting: RHB Efrain Vargas
|
0-0: Swinging Strike 0-1: Ball 1-1: Ball 2-1: Foul Ball, location: 2F 2-2: Ball 3-2: Ground out U3 (Groundball, 34S, EV 89.4 MPH)
|
| Top of the 7th over - 1 run, 1 hit, 0 errors, 2 left on base; Toronto 2 - Boston 2 |
| BOTTOM OF THE 7TH |
|
Boston Red Sox batting - Pitching for Toronto Blue Jays : LHP Spencer Jones
|
|
Batting: RHB Elijah Campbell
|
0-0: Called Strike 0-1: Foul Ball, location: 2F 0-2: Strikes out swinging
|
|
Batting: RHB Nick Esteves
|
0-0: Ground out 4-3 (Groundball, 4, EV 90.6 MPH)
|
|
Batting: RHB John Chiesa
|
0-0: Called Strike 0-1: Fly out, F9 (Flyball, 89D, EV 98.8 MPH)
|
| Bottom of the 7th over - 0 runs, 0 hits, 0 errors, 0 left on base; Toronto 2 - Boston 2 |
| TOP OF THE 8TH |
|
Toronto Blue Jays batting - Pitching for Boston Red Sox : LHP John Hotham
|
|
Pitching: RHP Jon Mercado
|
|
|
Batting: SHB Jason Woods
|
0-0: Ball 1-0: Ball 2-0: Ball 3-0: Called Strike 3-1: Foul Ball, location: 2F 3-2: Base on Balls
|
|
Batting: SHB Dominik Hasek II
|
0-0: Called Strike 0-1: Ball Jason Woods steals 2nd base (no throw) 1-1: Called Strike 1-2: Foul Ball, location: 2F 1-2: Strikes out swinging
|
|
Batting: RHB Butch Kaiser
|
0-0: Swinging Strike 0-1: Ball 1-1: Swinging Strike 1-2: Ball 2-2: Ball 3-2: Ground out 1-3 (Groundball, 34S, EV 67.5 MPH) Jason Woods to third
|
|
Batting: LHB Nate Dean
|
0-0: Ball 1-0: SINGLE (Flyball, 8RS, EV 95.6 MPH) Jason Woods scores
|
|
Batting: RHB Steve Jordan
|
0-0: Ball Nate Dean is caught stealing 2nd base 2-4
|
| Top of the 8th over - 1 run, 1 hit, 0 errors, 0 left on base; Toronto 3 - Boston 2 |
| BOTTOM OF THE 8TH |
|
Boston Red Sox batting - Pitching for Toronto Blue Jays : LHP Spencer Jones
|
|
Now at 3B: Michael Byrd
|
|
|
Now in CF: Dominik Hasek II
|
|
|
Batting: RHB Alois Wollf
|
0-0: SOLO HOME RUN (Flyball, 7D, EV 105.6 MPH), Distance : 402 ft
|
|
Batting: RHB Ray Llewellyn
|
0-0: Ball 1-0: Called Strike 1-1: Ground out 5-3 (Groundball, 5, EV 83.8 MPH)
|
|
Batting: RHB David Price Jr.
|
0-0: Ball 1-0: Ball 2-0: Swinging Strike 2-1: Ball 3-1: Foul Ball, location: 2F 3-2: Strikes out swinging
|
|
Batting: RHB Jose Diaz
|
0-0: Fly out, F7 (Line Drive, 7S, EV 95.0 MPH)
|
| Bottom of the 8th over - 1 run, 1 hit, 0 errors, 0 left on base; Toronto 3 - Boston 3 |
| TOP OF THE 9TH |
|
Toronto Blue Jays batting - Pitching for Boston Red Sox : RHP Jon Mercado
|
|
Batting: RHB Steve Jordan
|
0-0: SINGLE (Groundball, 4MS, EV 68.1 MPH) (infield hit)
|
|
Batting: RHB Brock Van Gilder
|
0-0: Ball 1-0: Ball 2-0: Ball 3-0: Base on Balls Steve Jordan to second
|
|
Batting: RHB Donny Burnside
|
0-0: Ball 1-0: Ball 2-0: Ball 3-0: Called Strike 3-1: Swinging Strike 3-2: Strikes out swinging
|
|
Pitching: RHP Frank Picaso
|
|
|
Batting: RHB C.J. Richerson
|
0-0: Ball 1-0: Ball 2-0: Foul Ball, location: 2F 2-1: Called Strike 2-2: Strikes out looking
|
|
Batting: RHB Efrain Vargas
|
0-0: Called Strike 0-1: Foul Ball, location: 2F 0-2: Strikes out swinging
|
| Top of the 9th over - 0 runs, 1 hit, 0 errors, 2 left on base; Toronto 3 - Boston 3 |
| BOTTOM OF THE 9TH |
|
Boston Red Sox batting - Pitching for Toronto Blue Jays : LHP Spencer Jones
|
|
Batting: LHB Kevin McCormic Jr.
|
0-0: Called Strike 0-1: SINGLE (Groundball, 6D, EV 100.6 MPH)
|
|
Batting: RHB Andrew Robinson
|
0-0: Ball 1-0: Foul Ball, location: 2F 1-1: Ball 2-1: Foul Ball, location: 2F 2-2: Strikes out swinging
|
|
Batting: RHB Elijah Campbell
|
0-0: Called Strike 0-1: Foul Ball, location: 2F 0-2: Foul Ball, location: 2F 0-2: Strikes out swinging
|
|
Pitching: RHP Chase Schlong
|
|
|
Batting: RHB Nick Esteves
|
0-0: Hit by Pitch Kevin McCormic Jr. to second
|
|
Pinch Runner at 2nd Tim Fuller:
|
|
|
Pinch Hitting: LHB Jarrett Mordecai
|
0-0: Ball 1-0: Ball 2-0: Ball 3-0: Base on Balls Tim Fuller to third Nick Esteves to second
|
|
Pinch Hitting: LHB Sakae Kasahara
|
0-0: Foul Ball, location: 2F 0-1: Foul Ball, location: 2F 0-2: Fly out, F9 (Line Drive, 9, EV 94.4 MPH)
|
| Bottom of the 9th over - 0 runs, 1 hit, 0 errors, 3 left on base; Toronto 3 - Boston 3 |
| TOP OF THE 10TH |
|
Toronto Blue Jays batting - Pitching for Boston Red Sox : RHP Frank Picaso
|
|
Now at 1B: Jarrett Mordecai
|
|
|
Now at 2B: Tim Fuller
|
|
|
Now at SS: Elijah Campbell
|
|
|
Now in RF: Sakae Kasahara
|
|
|
Batting: LHB Michael Byrd
|
0-0: Ball 1-0: Called Strike 1-1: Ball 2-1: Swinging Strike 2-2: Ball 3-2: Base on Balls
|
|
Batting: SHB Dominik Hasek II
|
0-0: Foul Ball, location: 2F 0-1: Ball 1-1: Ball 2-1: Ball 3-1: Base on Balls Michael Byrd to second
|
|
Pitching: RHP John Jordan
|
|
|
Batting: RHB Butch Kaiser
|
0-0: Ball 1-0: Ball 2-0: Swinging Strike 2-1: SINGLE (Groundball, 6MD, EV 93.8 MPH) Michael Byrd to third Dominik Hasek II to second
|
|
Batting: LHB Nate Dean
|
0-0: Called Strike 0-1: Ball 1-1: Ball 2-1: Ball 3-1: Base on Balls Michael Byrd scores Dominik Hasek II to third Butch Kaiser to second
|
|
Batting: RHB Steve Jordan
|
0-0: Ball 1-0: SINGLE (Groundball, 56, EV 98.1 MPH) Dominik Hasek II scores Butch Kaiser to third Nate Dean to second Runner from 3rd tries for Home, SAFE, throw by LF to home
|
|
Batting: RHB Brock Van Gilder
|
0-0: Ball 1-0: Sac Bunt to 25 - play at first, batter OUT! 5-4 Nate Dean to third Steve Jordan to second
|
|
Batting: RHB Donny Burnside
|
0-0: Ball 1-0: Ground out 4-3 (Groundball, 4M, EV 88.8 MPH) Nate Dean scores Steve Jordan to third
|
|
Batting: RHB C.J. Richerson
|
0-0: Ball 1-0: Foul Ball, location: 2F 1-1: Swinging Strike 1-2: Foul Ball, location: 2F 1-2: Strikes out swinging
|
| Top of the 10th over - 4 runs, 2 hits, 0 errors, 1 left on base; Toronto 7 - Boston 3 |
| BOTTOM OF THE 10TH |
|
Boston Red Sox batting - Pitching for Toronto Blue Jays : RHP Chase Schlong
|
|
Now in LF: Donny Burnside
|
|
|
Now in RF: Danny Burnside
|
|
|
Batting: RHB Ray Llewellyn
|
0-0: Ball 1-0: Ball 2-0: Ball 3-0: Called Strike 3-1: Base on Balls
|
|
Batting: RHB David Price Jr.
|
0-0: Ball 1-0: Ball 2-0: SINGLE (Groundball, 56S, EV 71.9 MPH) (infield hit) Ray Llewellyn to second
|
|
Pitching: RHP Zach Ault
|
|
|
Batting: RHB Jose Diaz
|
0-0: Called Strike 0-1: Ball 1-1: Ball 2-1: Foul Ball, location: 2F 2-2: Ball 3-2: Foul Ball, location: 2F 3-2: Base on Balls Ray Llewellyn to third David Price Jr. to second
|
|
Batting: LHB Tim Fuller
|
0-0: Ball 1-0: Ball 2-0: Grounds into double play, 4-6-3 (Groundball, 4D, EV 81.9 MPH) Ray Llewellyn scores David Price Jr. to third
|
|
Batting: RHB Andrew Robinson
|
0-0: Ball 1-0: Ball 2-0: Ball 3-0: Base on Balls
|
|
Batting: RHB Elijah Campbell
|
0-0: Called Strike 0-1: Ball 1-1: Ball 2-1: Foul Ball, location: 2F 2-2: Foul Ball, location: 2F 2-2: Fielders Choice at 2nd, 5-4 (Groundball, 56, EV 103.1 MPH)
|
| Bottom of the 10th over - 1 run, 1 hit, 0 errors, 2 left on base; Toronto 7 - Boston 4 |
|